 Dungeon Crawl Stone Soup version 0.31-a0-523-g071a6c1ffa (webtiles) character file.

Game seed: 504561962787330839

46 javelincjr the Trooper (level 3, -2/29 HPs)
             Began as a Demonspawn Monk on Aug 11, 2023.
             Slain by Terence
             ... wielding a +0 hand axe
              (5 damage)
             ... on level 2 of the Dungeon.
             The game lasted 00:01:29 (1189 turns).

javelincjr the Trooper (Demonspawn Monk)            Turns: 1189, Time: 00:01:30

Health: -2/29      AC:  2    Str: 13    XL:     3   Next: 44%
Magic:  3/3        EV: 13    Int: 11    God:
Gold:   64         SH:  0    Dex: 15    Spells: 2/2 levels left

rFire   . . .        a - +0 spear
rCold   . . .        d - orb {light}
rNeg    . . .        b - +0 robe
rPois   .            (helmet restricted)
rElec   .            (no cloak)
rCorr   .            (no gloves)
SInv    .            (no boots)
Will    .....        (no amulet)
Stlth   +            (no ring)
HPRegen 0.24/turn    (no ring)
MPRegen 0.16/turn

%: no passive effects
@: glowing
A: antennae 1, magic regeneration
a: no special abilities


You were on level 2 of the Dungeon.
You visited 1 branch of the dungeon, and saw 2 of its levels.

You collected 64 gold pieces.

Inventory:

Hand Weapons
 a - a +0 spear (weapon)
Armour
 b - a +0 robe (worn)
 d - an orb of light (worn)
Scrolls
 g - a scroll of fog {unknown}
 h - a scroll of identify {unknown}
 i - a scroll of enchant armour {unknown}
Potions
 c - 2 potions of ambrosia
 e - a potion of enlightenment {unknown}
 f - a potion of lignification {unknown}


   Skills:
 + Level 3.6 Fighting
 + Level 3.2 Polearms
 + Level 3.2 Dodging


You had 2 spell levels left.
You didn't know any spells.
Your spell library contained the following spells:

 Spells                   Type           Power      Damage    Failure   Level
 Vhi's Electric Charge    Tloc/Air       0%         N/A       71%         3
 Arcjolt                  Conj/Air       0%         1d10      100%        5
 Plasma Beam              Fire/Air       0%         2x1d10    100%        6


Dungeon Overview and Level Annotations

Branches:
Dungeon (2/15)

Altars:

Shops:
D:1 ?

Annotations:
D:2 Terence


Innate Abilities, Weirdness & Mutations

You have a pair of small antennae on your head.
You regenerate magic rapidly.


Message History

You are too injured to fight recklessly!
You are too injured to fight recklessly!
You are too injured to fight recklessly!
You are too injured to fight recklessly!
You are too injured to fight recklessly!
You are too injured to fight recklessly!
You are too injured to fight recklessly!
You are too injured to fight recklessly!
You are too injured to fight recklessly!
You hit Terence but do no damage.
Terence is heavily wounded.
Terence misses you.
You hit Terence.
Terence is heavily wounded.
Terence misses you.
You hit Terence but do no damage.
Terence is heavily wounded.
Terence closely misses you.
You hit Terence.
Terence is severely wounded.
Terence hits you but does no damage.
You hit Terence but do no damage.
Terence is severely wounded.
Terence barely misses you.
You hit Terence but do no damage.
Terence is severely wounded.
Terence hits you with a +0 hand axe.
You hit Terence but do no damage.
Terence is severely wounded.
Terence barely misses you.
You hit Terence.
Terence is almost dead.
Terence hits you with a +0 hand axe!
* * * LOW HITPOINT WARNING * * *
You hit Terence but do no damage.
Terence is almost dead.
You hit Terence but do no damage.
Terence is almost dead.
Terence hits you with a +0 hand axe.
You die...

. ########## ..
......†..# ...
##########.### ....
.............#####.....
####...#.#...........
#.#........###....
#@#...............
#@#.#.####.#######
#.#.#.# #........
....#.# #..######
....#.# #..####.#
.....# #.......# ##.#.
##.####.# #.#.#
#.#..... .#####.##.#.#


You could see Terence.

Vanquished Creatures
  2 gnolls (D:1)
  A dart slug (D:1)
  A bat (D:1)
  2 endoplasms (D:1)
  2 giant cockroaches (D:1)
  2 hobgoblins
  2 quokkas
  5 ball pythons
  5 frilled lizards
  5 rats (D:1)
27 creatures vanquished.

Notes
Turn   | Place    | Note
-------+----------+-------------------------------------------
     0 | D:1      | javelincjr the Demonspawn Monk began the quest for the Orb.
     0 | D:1      | Reached XP level 1. HP: 18/18 MP: 1/1
   273 | D:1      | Gained mutation: You regenerate magic rapidly. [demonic
                  | ancestry]
   273 | D:1      | Reached XP level 2. HP: 18/24 MP: 2/2
   548 | D:1      | Gained mutation: You have a pair of small antennae on your
                  | head. [demonic ancestry]
   548 | D:1      | Reached XP level 3. HP: 25/29 MP: 3/3
   746 | D:1      | Found Fuloufec's Magic Scroll Boutique.
  1160 | D:2      | Noticed Terence
  1189 | D:2      | Slain by Terence

Illustrated notes

Levels and vault maps discovered:
D:1:      tarquinn_simple_flora_water_c, layout_basic, serial_shops, shop,
          serial_curves, eino_curves_03, eino_curves_03
D:2:      layout_basic, due_unseen_surprise, uniq_terence

Skill      XL: |  1 |
---------------+----+-----
Polearms       | 3 |  3.2
Dodging        | 3 |  3.2
Fighting       | |  3.6

Action                     || total
---------------------------++-------
  Melee: Spear             ||   112
 Armour: Robe              ||     6
  Dodge: Dodged            ||    47

Table legend: (Time is in decaauts)
 A = Elapsed time spent in this place.
 B = Non-inter-level travel time spent in this place.
 C = Inter-level travel time spent in this place.
 D = Time resting spent in this place.
 E = Time spent auto-exploring this place.
 F = Levels seen in this place.
 G = Mean time per level.
                   A        B        C        D        E       F      G
               +--------+--------+--------+--------+--------+-----+--------+
         Total |   1184 |   1151 |     33 |      0 |    974 |   2 |  592.0 |
       Dungeon |   1184 |   1151 |     33 |      0 |    974 |   2 |  592.0 |
               +--------+--------+--------+--------+--------+-----+--------+

Top non-repeatable levels by time:
     D:1: 920 daAuts
     D:2: 264 daAuts
